 Dungeon Crawl Stone Soup version 0.17-a0-1572-g7a1422d (webtiles) character file.

2897 Chiseanne the Thaumaturge (level 9, -1/51 HPs)
             Began as an Octopode Conjurer on July 25, 2015.
             Was a Priest of Vehumet.
             Slain by an orc warrior
             ... wielding a +0 trident
              (9 damage)
             ... on level 8 of the Dungeon.
             The game lasted 00:25:45 (9820 turns).

Chiseanne the Thaumaturge (Octopode Conjurer)       Turns: 9820, Time: 00:25:45

Health: -1/51      AC:  1    Str:  8    XL:     9   Next: 77%
Magic:  1/21       EV:  9    Int: 20    God:    Vehumet [***...]
Gold:   38         SH:  0    Dex: 15    Spells: 7 memorised, 3 levels left

rFire  . . .     SeeInvis .     a - +0 short sword (freeze)
rCold  . . .     Clarity  .     (no shield)
rNeg   . . .     SustAt   +     (helmet restricted)
rPois  .         Gourm    .     E - amulet of faith
rElec  .         Spirit   .     x - ring of wizardry
rCorr  .         Warding  .     q - ring of sustain attributes
rMut   .         Stasis   .     n - +3 ring of dexterity
MR     .....                    (no ring)
Stlth  +++.......               (no ring)
                                (no ring)
                                (no ring)
                                (no ring)

@: not resistant to hostile enchantments, fairly stealthy
A: almost no armour, amphibious, 8 rings, constrict 8, repulsion field 1,
camouflage 1, gelatinous body 1
a: Renounce Religion


You were on level 8 of the Dungeon.
You worshipped Vehumet.
Vehumet was most pleased with you.
You were very hungry.

You visited 2 branches of the dungeon, and saw 9 of its levels.

You collected 415 gold pieces.
You spent 377 gold pieces at shops.

Inventory:

Hand weapons
 a - a +0 short sword of freezing (weapon)
 i - a +0 whip of freezing
 k - a +0 rapier
 w - a +0 blowgun
Missiles
 g - 53 bolts
 m - a tomahawk (quivered)
 o - 98 sling bullets
 p - 14 sling bullets of flame
 t - 37 poisoned needles
 v - 18 arrows
 y - 5 silver bolts
 z - 15 bolts of frost
 D - 3 arrows of frost
Armour
 e - a +0 shield
Jewellery
 n - a +3 ring of dexterity (on tentacle)
 q - a ring of sustain attributes (right tentacle)
 x - a ring of wizardry (left tentacle)
 E - an amulet of faith (around mantle)
Scrolls
 j - 3 scrolls of remove curse
 r - 3 scrolls of enchant armour
 u - 2 scrolls of immolation
 H - a scroll of identify
Potions
 d - a potion of cure mutation
 s - a potion of heal wounds
 B - a potion of resistance
 C - a potion of brilliance
 F - a potion of haste
 G - a potion of curing
Books
 f - a book of Conjurations

   Spells                             Type                      Level
   a - Magic Dart                     Conjuration                  1
   b - Searing Ray                    Conjuration                  2
   c - Dazzling Spray                 Conjuration/Hexes            3
   d - Fulminant Prism                Conjuration/Hexes            4
   e - Iskenderun's Mystic Blast      Conjuration                  4
   f - Iskenderun's Battlesphere      Conjuration/Charms           5
Comestibles
 b - 5 bread rations
 c - 2 beef jerkies
 h - 3 meat rations
 l - 2 slices of pizza


   Skills:
 - Level 2.0 Dodging
 - Level 2.6 Stealth
 * Level 8.8 Spellcasting
 + Level 8.8 Conjurations
 - Level 5.0 Charms


You had 3 spell levels left.
You knew the following spells:

 Your Spells              Type           Power        Failure   Level  Hunger
a - Magic Dart            Conj           ####         1%          1    None
b - Searing Ray           Conj           #####.       1%          2    None
c - Dazzling Spray        Conj/Hex       ####....     1%          3    None
d - Iskenderun's Mystic   Conj           #####...     1%          4    ###....
e - Fulminant Prism       Conj/Hex       ####......   1%          4    ###....
f - Iskenderun's Battles  Conj/Chrm      #####...     1%          5    #####..
g - Stone Arrow           Conj/Erth      ####..       1%          3    None


Dungeon Overview and Level Annotations

Branches:
Dungeon (8/15)             Temple (1/1) D:4
   Lair: D:8-11

Altars:
Ashenzari
Cheibriados
Dithmenos
Elyvilon
Fedhas
Gozag
Kikubaaqudgha
Makhleb
Nemelex Xobeh
Okawaru
Ru
Sif Muna
Trog
Vehumet
Xom
Yredelemnul
Zin
The Shining One

Shops:
D:7 [!

Annotations:
D:4 Chiseanne's ghost, average OpCj


Innate Abilities, Weirdness & Mutations

You cannot wear most types of armour.
You are amphibious.
You can wear up to eight rings at the same time.
You can use your tentacles to constrict eight enemies at once.
Your skin changes colour to match your surroundings (Stealth).
Your rubbery body absorbs attacks (AC +1).
You are surrounded by a mild repulsion field (EV +2).


Message History

The orc warrior is severely wounded.
The orc warrior closely misses you.
Casting: Magic Dart
Confirm with . or Enter, or press ? or * to list all spells.
Aiming: Magic Dart
Press: ? - help, Shift-Dir - straight line, f/p - orc warrior
Aim: an orc warrior, wielding a trident and wearing a plate armour (severely wounded)
The magic dart hits the orc warrior.
The orc warrior is severely wounded.
Your battlesphere fires!
The barrage of energy hits the orc warrior.
The orc warrior is severely wounded.
Your battlesphere expends the last of its energy and dissipates.
The orc warrior hits you from afar with a trident!
* * * LOW HITPOINT WARNING * * *
Read which item? (? for menu, Esc to quit)
Okay, then.
There is a stone staircase leading up here.
The orc warrior hits you from afar with a trident!
You die...

,,,,,,,,,*,,,,*,,,**********
**,*,,,,,*,*,*#.,.#,,,,,,,*
,*,,,,,,,*,*,*#....,,<,,*,*
****,*****,*,##.#.#.*****,*****
,***,* *,,,,,,.....,*,,,,,,,,,*
,,*,,***,*,*,*#...***,***,***,*
,,*,,,,,,*,#,*#..#* *,* *,* *,*
,,,,,,,,,*,#.*#..# *,* *,* *,*
,,,,,,,..#+#.##.@# *,* *,* *,*
,,,,,**.........#####.***,* *,*
,,,*,**........o.......,,,* *,*
,,,*,**........######.#******,**
,,**,,,......%).,,,,,,,,,,,,,,,*
,,*,,**....†...##**,,,**********
,***,**......).# *,,,*,,,,,,,*
****,**........# *,,,*,*****,*
,,,,,**........#***,,,*,* *,*


You could see an orc warrior.

Vanquished Creatures
  Grinder (D:6)
  Eustachio (D:6)
  An orc warrior (D:6)
  An ice beast (D:6)
  A black bear (D:6)
  5 ogres
  A centaur (D:6)
  A sky beast (D:6)
  A necrophage (D:6)
  4 giant frogs
  A gnoll sergeant (D:5)
  A water moccasin zombie (D:6)
  3 scorpions
  6 killer bees (D:7)
  4 hounds
  A crimson imp (D:7)
  3 jellies
  An iguana (D:4)
  3 giant frog skeletons
  An orc priest (D:6)
  An orc wizard (D:6)
  5 worker ants
  A hound zombie (D:7)
  6 gnolls (D:5)
  6 adders
  2 shadow imps
  2 oozes
  3 worms
  15 orcs
  17 bats
  A bat skeleton (D:4)
  6 giant cockroaches
  14 goblins
  10 hobgoblins
  4 jackals
  3 ball pythons
  2 giant geckos
  8 giant newts
  9 kobolds
  8 quokkas
  15 rats
179 creatures vanquished.

Notes
Turn   | Place    | Note
--------------------------------------------------------------
     0 | D:1      | Chiseanne the Octopode Conjurer began the quest for the Orb.
     0 | D:1      | Reached XP level 1. HP: 11/11 MP: 3/3
   310 | D:1      | Reached XP level 2. HP: 15/17 MP: 0/5
   697 | D:1      | Learned a level 2 spell: Searing Ray
   983 | D:1      | Reached XP level 3. HP: 21/21 MP: 1/7
  2159 | D:2      | Reached XP level 4. HP: 20/27 MP: 8/8
  2651 | D:3      | Learned a level 3 spell: Dazzling Spray
  3127 | D:3      | Found an iron altar of Okawaru.
  3216 | D:3      | Reached skill level 5 in Conjurations
  3286 | D:3      | Gained mutation: You are surrounded by a mild repulsion field (EV +2). [potion of beneficial mutation]
  3791 | D:4      | Found a staircase to the Ecumenical Temple.
  3795 | D:4      | Noticed an ogre
  3803 | D:4      | Killed an ogre
  3803 | D:4      | Reached XP level 5. HP: 31/31 MP: 1/11
  3810 | Temple   | Entered the Ecumenical Temple
  3852 | Temple   | Became a worshipper of Vehumet
  3951 | D:4      | Reached XP level 6. HP: 24/36 MP: 1/12
  4210 | D:4      | Learned a level 4 spell: Iskenderun's Mystic Blast
  4218 | D:4      | Noticed an ogre
  4228 | D:4      | Killed an ogre
  4228 | D:4      | Reached skill level 6 in Conjurations
  4290 | D:4      | Noticed Chiseanne's ghost (average OpCj)
  4539 | D:4      | Reached XP level 7. HP: 28/41 MP: 4/14
  4702 | D:4      | Reached skill level 5 in Spellcasting
  4905 | D:4      | Acquired Vehumet's first power
  4905 | D:4      | Offered knowledge of Freeze by Vehumet.
  5100 | D:5      | Entered Level 5 of the Dungeon
  5257 | D:5      | You fall through a shaft!
  5456 | D:6      | Learned a level 4 spell: Fulminant Prism
  5471 | D:6      | Reached skill level 7 in Conjurations
  5638 | D:6      | Noticed Eustachio
  5654 | D:6      | Reached XP level 8. HP: 24/46 MP: 1/16
  5806 | D:6      | Learned a level 5 spell: Iskenderun's Battlesphere
  5823 | D:6      | Reached skill level 1 in Charms
  6918 | D:5      | Reached skill level 5 in Charms
  7208 | D:6      | Killed Eustachio
  7444 | D:6      | Offered knowledge of Flame Tongue by Vehumet.
  7558 | D:6      | Reached XP level 9. HP: 44/51 MP: 11/19
  7739 | D:6      | Found an opulent altar of Gozag.
  7744 | D:6      | Noticed Grinder
  7755 | D:6      | Killed Grinder
  7755 | D:6      | Reached skill level 8 in Conjurations
  8214 | D:7      | Found Xeij's Armour Shoppe.
  8605 | D:7      | HP: 1/51 [killer bee (7)]
  8958 | D:7      | Found Irphoseng's Distillery.
  8967 | D:7      | Bought a potion of heal wounds for 65 gold pieces
  8967 | D:7      | Bought a potion of resistance for 130 gold pieces
  8967 | D:7      | Bought a potion of brilliance for 52 gold pieces
  8967 | D:7      | Bought a potion of haste for 130 gold pieces
  9073 | D:7      | Offered knowledge of Stone Arrow by Vehumet.
  9129 | D:7      | Learned a level 3 spell: Stone Arrow
  9810 | D:8      | Acquired Vehumet's second power
  9820 | D:8      | Slain by an orc warrior

Vault maps used:
D:1:      lightli_arrival_noodles, st_stairs_11, hangedman_feature_mirror
D:2:      first_bread
D:3:      lemuel_round_altar, roderic_lattice_a, kennysheep_generic_room_5
D:4:      temple_statues
D:5:      minmay_item_behind_shaft, hangedman_minor_gate_pass
D:6:      nicolae_gozag_seed_capital, uniq_grinder, uniq_eustachio
D:7:      serial_shops, shop_fountains, shop
D:8:      david_lair_generic, enter_bailey_2, uniq_prince_ribbit1
Temple:   nicolae_temple_x_marks_the_god_16

Action                   |  1- 3 |  4- 6 |  7- 9 || total
-------------------------+-------+-------+-------++-------
Melee: Unarmed           |     8 |       |       ||     8
       Club              |    19 |       |       ||    19
       Short sword       |     4 |    27 |    31 ||    62
 Cast: Magic Dart        |    81 |    93 |   151 ||   325
       Searing Ray       |       |     6 |    17 ||    23
       Dazzling Spray    |       |       |    42 ||    42
       Iskenderun's Batt |       |       |    11 ||    11
       Iskenderun's Myst |       |       |     1 ||     1
  Use: Scroll            |     6 |     7 |     6 ||    19
       Potion            |       |     1 |     7 ||     8
 Stab: Sleeping          |       |     2 |     5 ||     7
       Invisible         |       |       |     2 ||     2
  Eat: Chunk             |     4 |     7 |    19 ||    30
